 Dungeon Crawl Stone Soup version 0.24-a0-529-g0b98641 (webtiles) character file.

Game seed: 938995974936723892

95 Firecrotchwizard the Chopper (level 4, -2/41 HPs)
             Began as a Hill Orc Monk on Aug 6, 2019.
             Slain by a worm (3 damage)
             ... on level 2 of the Dungeon.
             The game lasted 00:04:30 (1832 turns).

Firecrotchwizard the Chopper (Hill Orc Monk)        Turns: 1832, Time: 00:04:31

Health: -2/41      AC:  6    Str: 14    XL:     4   Next: 66%
Magic:  4/4        EV: 10    Int: 10    God:
Gold:   85         SH:  0    Dex: 17    Spells: 3/3 levels left

rFire    x . .     SeeInvis .   a - +1 hand axe
rCold    + . .     Gourm    .   (no shield)
rNeg     . . .     Faith    .   g - +0 scale mail
rPois    .         Spirit   .   (no helmet)
rElec    .         Reflect  .   (no cloak)
rCorr    .         Harm     .   (no gloves)
MR       .....                  (no boots)
Stlth    +.........             (no amulet)
HPRegen  0.13/turn              i - +4 ring of dexterity
MPRegen  0.09/turn              k - ring of ice {rC+, rF-}

@: slowed, very slow
A: no striking features
a: no special abilities


You were on level 2 of the Dungeon.
You were not hungry.

You visited 1 branch of the dungeon, and saw 2 of its levels.

You collected 85 gold pieces.

Inventory:

Hand Weapons
 a - a +1 hand axe (weapon)
 b - a +0 hunting sling of flaming
   (You found it on level 2 of the Dungeon)
Missiles
 q - 22 stones (quivered)
Armour
 g - a +0 scale mail (worn)
   (You found it on level 1 of the Dungeon)
 m - a +0 chain mail
   (You found it on level 1 of the Dungeon)
 p - a +0 robe
Jewellery
 i - a +4 ring of dexterity (left hand)
   (You found it on level 1 of the Dungeon)
 k - a ring of ice (right hand) {rC+, rF-}
   (You found it on level 1 of the Dungeon)
Scrolls
 e - 3 scrolls of enchant weapon
 f - a scroll of remove curse
 h - a scroll of identify
 r - 2 scrolls of teleportation {unknown}
 s - a scroll of enchant armour {unknown}
 t - a scroll of fear {unknown}
Potions
 d - a potion of might {unknown}
 j - a potion of magic {unknown}
 l - 2 potions of haste {unknown}
 n - a potion of curing {unknown}
Comestibles
 c - 3 rations


   Skills:
 + Level 4.4 Fighting
 * Level 5.7 Axes
 + Level 2.0 Armour
 - Level 2.4 Dodging
 - Level 1.5 Stealth


You had 3 spell levels left.
You didn't know any spells.
Your spell library was empty.

Dungeon Overview and Level Annotations

Branches:
Dungeon (2/15)

Altars:

Annotations:
D:2 Natasha


Message History

You now have 74 gold pieces (gained 9).
You now have 85 gold pieces (gained 11).
Some of the chunks of flesh in your inventory have rotted away.
Eating a chunk of flesh {@w0}.
You eat the chunk of flesh {@w0}.
You see here a frilled lizard skeleton.
You see here a naga barding.
You see here a club.
A kobold comes into view. It is wielding a +0 dagger.
The kobold shouts!
Natasha, Servant of Life and Death comes into view.
Your +0 hunting sling of flaming bursts into flame!
b - a +0 hunting sling of flaming (weapon)
Firing (i - inventory)
q - 25 stones (quivered)
Aim: a kobold, wielding a +0 dagger You shoot a stone.
The stone hits the kobold.
The stone burns the kobold.
You kill the kobold!
No target in view!
You see here 20 arrows.
Firing (i - inventory)
q - 24 stones (quivered)
Aim: Natasha You shoot a stone.
The stone hits Natasha but does no damage.
Firing (i - inventory)
q - 23 stones (quivered)
Aim: Natasha You shoot a stone.
The stone closely misses Natasha.
A worm comes into view.
Your +0 hunting sling of flaming stops flaming.
a - a +1 hand axe (weapon)
Your scale mail prevents you from hitting Natasha.
Natasha claws you.
You take 4 damage, and have 37/41 hp.
You closely miss Natasha.
Natasha casts a spell.
You hit Natasha. Natasha casts a spell at you. You resist with some effort.
The crimson imp grins evilly.
You miss Natasha. You closely miss the crimson imp. Natasha barely misses you.
The crimson imp hits you but does no damage.
Your scale mail prevents you from hitting Natasha.
You barely miss the crimson imp. Natasha claws you. The crimson imp hits you.
You take 4 damage, and have 33/41 hp.
You hit Natasha. You closely miss the crimson imp. Natasha claws you.
The crimson imp closely misses you.
You hit Natasha. You miss the crimson imp.
Natasha claws you but does no damage.
The crimson imp hits you but does no damage.
You barely miss Natasha.
You hit the crimson imp but do no damage.
Natasha claws you but does no damage.
The crimson imp hits you but does no damage.
You hit Natasha.
You hit the crimson imp but do no damage.
Natasha barely misses you.
The crimson imp hits you but does no damage.
You closely miss Natasha. You miss the crimson imp.
You hit the worm but do no damage. Natasha barely misses you.
The worm bites you! The crimson imp closely misses you.
You take 8 damage, and have 25/41 hp.
You are too injured to fight recklessly!
You are too injured to fight recklessly!
You are too injured to fight recklessly!
You closely miss Natasha. You miss the crimson imp. You hit the worm.
Natasha claws you.
The crimson imp hits you but does no damage.
You take 3 damage, and have 22/41 hp.
You barely miss Natasha. You barely miss the crimson imp. You hit the worm.
Natasha closely misses you. The worm bites you!
The crimson imp hits you but does no damage.
You take 9 damage, and have 13/41 hp.
MASSIVE DAMAGE!!
You closely miss Natasha. You hit the crimson imp.
You hit the worm but do no damage. Natasha closely misses you.
The crimson imp closely misses you. The worm bites you.
* * * LOW HITPOINT WARNING * * *
You take 5 damage, and have 8/41 hp.
Unknown command.
You barely miss Natasha. You barely miss the worm.
You closely miss the crimson imp.
Natasha casts a spell.
The crimson imp barely misses you.
You closely miss Natasha. You barely miss the worm.
You hit the crimson imp but do no damage.
You barely miss the crimson imp. Natasha completely misses you.
The worm bites you but does no damage. The crimson imp barely misses you.
The crimson imp hits you but does no damage.
You completely miss Natasha. You hit the worm but do no damage.
You hit the crimson imp.
You hit the crimson imp but do no damage.
Natasha claws you.
* * * LOW HITPOINT WARNING * * *
The crimson imp blinks!
The crimson imp hits you.
* * * LOW HITPOINT WARNING * * *
You take 8 damage, and have 1/41 hp.
You hit Natasha. You hit the worm but do no damage.
You barely miss the crimson imp. Natasha casts a spell at you.
You feel yourself slow down. The worm bites you.
You die...

### #.# #.#############
#.......##....#
#.#####.##.##.# # #.#
#.##.##.##### #..
#.#####.5....).....
#....#w§.....##.##.#####
.'..)('h@.....+..........
##....#5......##.##.#.###
#....#.......##.##.#.### #...
#.......##.##.#.... #..!
#.....#....##.#....
############....##.#.##.
.............##.#.##.
###############....####.#.##.
...#........................


You could see a worm, Natasha and 2 crimson imps.

Vanquished Creatures
  Natasha (twice) (D:2)
  An ooze (D:2)
  2 leopard geckos (D:1)
  A ball python (D:1)
  5 bats
  4 goblins
  5 hobgoblins
  3 jackals (D:2)
  7 kobolds
  A quokka (D:2)
  6 frilled lizards
  2 rats (D:2)
39 creatures vanquished.

Notes
Turn   | Place    | Note
-------+----------+-------------------------------------------
     0 | D:1      | Firecrotchwizard the Hill Orc Monk began the quest for the
                  | Orb.
     0 | D:1      | Reached XP level 1. HP: 19/19 MP: 1/1
   206 | D:1      | Reached XP level 2. HP: 27/27 MP: 2/2
   463 | D:1      | Reached skill level 1 in Armour
   760 | D:1      | Reached skill level 4 in Fighting
   885 | D:1      | Reached XP level 3. HP: 31/33 MP: 3/3
  1120 | D:2      | Reached skill level 5 in Axes
  1309 | D:2      | Noticed Natasha
  1316 | D:2      | Killed Natasha
  1316 | D:2      | Reached XP level 4. HP: 40/40 MP: 4/4
  1592 | D:2      | Noticed Natasha
  1600 | D:2      | Killed Natasha
  1600 | D:2      | Reached skill level 2 in Armour
  1809 | D:2      | Noticed Natasha
  1828 | D:2      | HP: 8/41 [worm (5)]
  1831 | D:2      | HP: 3/41 [Natasha (6)]
  1831 | D:2      | HP: 1/41 [crimson imp[Natasha] (2)]
  1832 | D:2      | Slain by a worm

Levels and vault maps discovered:
D:1:      shiori_arrival_oz, layout_rooms, serial_co_window_serial,
          co_window_cross_1, co_window_paths_a, co_window_corner_a,
          co_window_corner_a, co_window_cross_1, co_window_of_opportunity_a,
          co_window_cross_1, co_window_broadway_a, co_window_of_opportunity_b,
          co_window_of_opportunity_b, co_window_corner_b, co_window_4corner_a,
          glass_columns_a
D:2:      layout_basic, nicolae_overflow_hidden_temple, uniq_natasha

Skill      XL: |  1  2  3  4 |
---------------+-------------+-----
Armour         | 1 2 |  2.0
Fighting       | 4 |  4.4
Axes           | 5 |  5.7
Dodging        | |  2.4
Stealth        | |  1.5

Action                   |  1- 3 |  4- 6 || total
-------------------------+-------+-------++-------
Melee: Hand axe          |    93 |    28 ||   121
 Fire: Hunting sling     |     1 |     9 ||    10
Throw: Stone             |     3 |     5 ||     8
  Use: Scroll            |     3 |       ||     3
 Stab: Sleeping          |     2 |       ||     2
  Eat: Chunk             |     1 |     2 ||     3
Armor: Robe              |    12 |       ||    12
       Scale mail        |    16 |    14 ||    30
Dodge: Dodged            |    67 |    15 ||    82

Table legend:
 A = Non-vault XP
 B = Vault XP
 C = Vault XP percentage of total XP
 D = Non-vault monster count
 E = Vault monster count
 F = Vault count percentage of total count
                 A         B        C        D         E       F
            +---------+---------+-------+---------+---------+-------
      Total |     100 |      37 |  27.0 |      37 |       2 |   5.1
            +---------+---------+-------+---------+---------+-------
        D:1 |      34 |       1 |   2.9 |      19 |       1 |   5.0
        D:2 |      66 |      36 |  35.3 |      18 |       1 |   5.3
            +---------+---------+-------+---------+---------+-------

Levels and vault maps discovered:
D:1:      shiori_arrival_oz, layout_rooms, serial_co_window_serial,
          co_window_cross_1, co_window_paths_a, co_window_corner_a,
          co_window_corner_a, co_window_cross_1, co_window_of_opportunity_a,
          co_window_cross_1, co_window_broadway_a, co_window_of_opportunity_b,
          co_window_of_opportunity_b, co_window_corner_b, co_window_4corner_a,
          glass_columns_a
D:2:      layout_basic, nicolae_overflow_hidden_temple, uniq_natasha

Table legend:
 A = Turns spent in this place as a percentage of turns spent in the entire game.
 B = Non-inter-level travel turns spent in this place as a percentage of non-inter-level travel turns spent in the entire game.
 C = Inter-level travel turns spent in this place as a percentage of turns spent in this place.
 D = Turns resting spent in this place as a percentage of non-inter-level travel turns spent in this place.
 E = Turns spent auto-exploring this place as a percentage of non-inter-level travel turns spent in this place.
 F = Non-inter-level travel turns spent in this place divided by the number of levels of this place that you've seen.
                   A       B       C       D       E      F
               +-------+-------+-------+-------+-------+----------------------
         Total | 100.0 | 100.0 |   6.6 |   6.9 |  74.6 | 856.0
       Dungeon | 100.0 | 100.0 |   6.6 |   6.9 |  74.6 | 856.0
               +-------+-------+-------+-------+-------+----------------------

Table legend:
 A = Kills in this place as a percentage of kills in entire the game.
 B = Kills by you in this place as a percentage of kills by you in the entire game.
 C = Kills by friends in this place as a percentage of kills by friends in the entire game.
 D = Other kills in this place as a percentage of other kills in the entire game.
 E = Experience gained in this place as a percentage of experience gained in the entire game.
 F = Experience gained in this place divided by the number of levels of this place that you have seen.
                   A       B       C       D       E      F
               +-------+-------+-------+-------+-------+----------------------
         Total | 100.0 | 100.0 |   N/A |   N/A | 100.0 |  68.5
       Dungeon | 100.0 | 100.0 |   N/A |   N/A | 100.0 |  68.5
               +-------+-------+-------+-------+-------+----------------------
